 Dungeon Crawl Stone Soup version 0.27.0-1-g7a089689b8 (webtiles) character file.

Game seed: 12127175470658052082

192 Krazlmac the Skirmisher (level 6, -1/48 HPs)
             Began as a Human Fighter on Aug 15, 2021.
             Was an Initiate of the Shining One.
             Slain by an orc warrior (4 damage)
             ... on level 4 of the Dungeon.
             The game lasted 00:06:20 (4093 turns).

Krazlmac the Skirmisher (Human Fighter)             Turns: 4093, Time: 00:06:21

Health: -1/48      AC: 10    Str: 19    XL:     6   Next: 2%
Magic:  6/6        EV:  7    Int:  8    God:    the Shining One [......]
Gold:   318        SH:  9    Dex: 12    Spells: 5/5 levels left

rFire    . . .     SeeInvis .   j - +2 dagger (holy)
rCold    . . .     Faith    .   c - +0 kite shield
rNeg     . . .     Spirit   .   b - +0 scale mail
rPois    .         Reflect  .   f - +0 helmet
rElec    .         Harm     .   (no cloak)
rCorr    .         Rampage  .   g - +0 pair of gloves
Will     .....                  e - +0 pair of boots
Stlth    ..........             (no amulet)
HPRegen  0.16/turn              (no ring)
MPRegen  0.10/turn              (no ring)

@: mighty, about to teleport, glowing
A: no striking features
a: Renounce Religion


You were on level 4 of the Dungeon.
You worshipped the Shining One.
The Shining One was noncommittal.
You visited 2 branches of the dungeon, and saw 6 of its levels.

You collected 318 gold pieces.

Inventory:

Hand Weapons
 a - a +0 long sword
 j - a +2 dagger of holy wrath (weapon)
Armour
 b - a +0 scale mail (worn)
 c - a +0 kite shield (worn)
 e - a +0 pair of boots (worn)
 f - a +0 helmet (worn)
 g - a +0 pair of gloves (worn)
Jewellery
 i - an amulet of magic regeneration
 m - a ring of wizardry
Scrolls
 k - a scroll of teleportation
Miscellaneous
 h - a piece from Xom's chessboard (15/15)


   Skills:
 + Level 4.0 Fighting
 + Level 3.3 Long Blades
 + Level 4.0 Armour
 + Level 4.0 Shields


You had 5 spell levels left.
You didn't know any spells.
Your spell library was empty.

Dungeon Overview and Level Annotations

Branches:
Dungeon (5/15)             Temple (1/1) D:4

Altars:
Dithmenos
Sif Muna
Trog
Wu Jian
Xom
The Shining One

Shops:
D:2 (   D:3 *


Message History

The orc warrior hits you with a +0 mace!
You block the orc's attack.
You hit the orc.
The orc is moderately wounded.
The orc warrior barely misses you. The orc barely misses you.
You hit the orc.
The orc is heavily wounded.
The orc warrior hits you with a +0 mace!
The orc closely misses you.
You are too injured to fight recklessly!
You are too injured to fight recklessly!
You are too injured to fight recklessly!
You block the orc's attack.
There is an escape hatch in the ceiling here.
Your library has no spells.
The orc warrior hits you with a +0 mace.
The orc hits you with a +0 hand axe.
* * * LOW HITPOINT WARNING * * *
A mysterious force pulls you upwards. The hatch slams shut behind you.
You feel very mighty all of a sudden.
The orc warrior hits you with a +0 mace.
* * * LOW HITPOINT WARNING * * *
You block the orc's attack.
You hit the orc warrior.
The orc warrior is lightly wounded.
You block the orc warrior's attack. The orc hits you but does no damage.
You hit the orc warrior.
The orc warrior is moderately wounded.
You block the orc warrior's attack. You block the orc's attack.
You barely miss the orc warrior.
The orc warrior is moderately wounded.
The orc warrior hits you with a +0 mace.
* * * LOW HITPOINT WARNING * * *
The orc hits you but does no damage.
The orc warrior hits you with a +0 mace.
* * * LOW HITPOINT WARNING * * *
As you read the scroll of teleportation, it crumbles to dust.
You feel strangely unstable. The orc hits you but does no damage.
The orc warrior hits you with a +0 mace.
You die...

..#####..#####.#..........#
.###.##..###...##..##.....#
.(........#.......###..(..#
#......#....###...##......#
#..#...###..##...###..#####
#.##....##......## ####
........######.## ####
##........####.####..###
##....##..##<..#@#.....##
##....##........oo......#
#...#####...............#
.....##.......##.....#.##
##..#####.....######.#.#
..### ###..## ##### ..#
#### .## ..#


You could see an orc warrior and an orc.

Vanquished Creatures
  A hound (D:3)
  An orc wizard (D:4)
  A hound skeleton (D:4)
  A howler monkey skeleton (D:4)
  4 adders
  A worm (D:2)
  3 dart slugs (D:3)
  5 orcs
  3 endoplasms
  6 hobgoblins
  10 jackals
  4 quokkas
  5 ball pythons
  6 bats
  5 frilled lizards
  3 goblins
  4 kobolds
  3 rats
66 creatures vanquished.

Notes
Turn   | Place    | Note
-------+----------+-------------------------------------------
     0 | D:1      | Krazlmac the Human Fighter began the quest for the Orb.
     0 | D:1      | Reached XP level 1. HP: 18/18 MP: 1/1
   189 | D:1      | Reached XP level 2. HP: 24/24 MP: 2/2
   573 | D:1      | Found a faded altar of an unknown god.
  1123 | D:2      | Reached XP level 3. HP: 24/29 MP: 3/3
  1541 | D:2      | Found Jaruewni's Weapon Boutique.
  1659 | D:2      | Reached XP level 4. HP: 35/35 MP: 4/4
  2486 | D:3      | Found a shimmering altar of Xom.
  2541 | D:3      | Found Quiskiti's Assorted Antiques.
  2627 | D:3      | Reached XP level 5. HP: 14/42 MP: 5/5
  3247 | D:4      | Found an ornate altar of the Wu Jian Council.
  3443 | D:4      | Found a staircase to the Ecumenical Temple.
  3452 | Temple   | Entered the Ecumenical Temple
  3462 | Temple   | Became a worshipper of the Shining One
  4043 | D:5      | Entered Level 5 of the Dungeon
  4063 | D:5      | Noticed an orc warrior
  4070 | D:5      | Reached XP level 6. HP: 47/48 MP: 6/6
  4092 | D:4      | HP: 2/48 [orc warrior (6)]
  4093 | D:4      | Slain by an orc warrior

Illustrated notes

Levels and vault maps discovered:
D:1:      evilmike_arrival_hilbert_curve, layout_loops_corners,
          basic_ecumenical_altar
D:2:      layout_basic, serial_shops, nicolae_shop_crystal
D:3:      layout_basic, xom_butterflies, serial_shops, shop_fountains,
          chequers_decorated_corner
D:4:      layout_cave_pools, nicolae_overflow_crystal_walls,
          minmay_temple_entry_hall, kennysheep_boxes
D:5:      layout_basic
Temple:   regret_index_temple_sphere_string

Skill      XL: |  1  2  3  4  5 |
---------------+----------------+-----
Long Blades    | 3 |  3.3
Fighting       | 4 |  4.0
Armour         | 4 |  4.0
Shields        | 4 |  4.0

Action                   |  1- 3 |  4- 6 || total
-------------------------+-------+-------++-------
Melee: Long sword        |    98 |    20 ||   118
       Dagger            |       |   159 ||   159
  Use: Potion            |     2 |     4 ||     6
       Scroll            |     3 |     4 ||     7
Armor: Scale mail        |    73 |    79 ||   152
Dodge: Dodged            |    36 |    59 ||    95
Block: Kite shield       |    59 |    90 ||   149
       Rpst.: Long sword |    11 |     1 ||    12
